 Dungeon Crawl Stone Soup version 0.25.0-8-gfd19cd77bd (webtiles) character file.

Game seed: 4598392582053349888

7 DeadF the Vexing (level 1, 0/7 HPs)
             Began as a Felid Enchanter on June 16, 2020.
             Slain by a jackal (1 damage)
             ... on level 1 of the Dungeon.
             The game lasted 00:01:17 (487 turns).

DeadF the Vexing (Felid Enchanter)                   Turns: 487, Time: 00:01:17

Health: 0/7        AC:  1    Str:  4    XL:     1   Next: 83%
Magic:  3/4        EV: 18    Int: 16    God:
Gold:   0          SH:  0    Dex: 16    Spells: 3/4 levels left
                                        Lives:  0   Deaths: 0

rFire    x . .     SeeInvis +     - Unarmed
rCold    + . .     Gourm    .   (shield unavailable)
rNeg     . . .     Faith    .   (armour unavailable)
rPois    .         Spirit   .   (helmet unavailable)
rElec    .         Reflect  .   (cloak unavailable)
rCorr    .         Harm     .   (gloves unavailable)
MR       .....                  (boots unavailable)
Stlth    +++.......             (no amulet)
HPRegen  0.02/turn              d - ring of ice
MPRegen  0.09/turn              (no ring)

@: quick
A: very small, no armour, no weapons or thrown items, stealth, claws 1, fangs 3,
see invisible, carnivore, speed 1, shaggy fur 1, slow metabolism 1, sharp paws
a: no special abilities


You were on level 1 of the Dungeon.
You were full.

You visited 1 branch of the dungeon, and saw 2 of its levels.

Inventory:

Jewellery
 d - a ring of ice (left paw)
Potions
 a - a potion of lignification {unknown}
 c - 2 potions of flight {unknown}
Comestibles
 b - 4 rations


   Skills:
 + Level 3.1 Dodging
 + Level 4.4 Stealth
 - Level 1.0 Unarmed Combat
 - Level 2.0 Spellcasting
 - Level 4.4 Hexes


You had 3 spell levels left.
You knew the following spells:

 Your Spells              Type           Power        Failure   Level  Hunger
a - Corona                Hex            ###....      3%          1    #......

Your spell library contained the following spells:

 Spells                   Type           Power        Failure   Level  Hunger
 Confusing Touch          Hex            ###.....     11%         3    ###....
 Tukima's Dance           Hex            ###.....     11%         3    ###....
 Ensorcelled Hibernation  Hex/Ice        ##....       13%         2    ###....
 Dazzling Flash           Conj/Hex       #.....       26%         3    ###....


Dungeon Overview and Level Annotations

Branches:
Dungeon (2/15)

Altars:

Annotations:
D:2 Robin


Innate Abilities, Weirdness & Mutations

You cannot wear armour.
You are incapable of wielding weapons or throwing items.
Your paws allow you to move quietly. (Stealth)
You have sharp claws.
You have razor-sharp teeth.
You have supernaturally acute eyesight. (SInv)
You are carnivorous and can eat meat at any time.
You cover ground quickly.
You are covered in fur. (AC +1)
You have a slow metabolism.
Your sharp claws are effective at attacking unaware monsters.


Message History

You scratch the frilled lizard.
You kill the frilled lizard!
The jackal bites you.
You see here a frilled lizard corpse.
The jackal bites you.
* * * LOW HITPOINT WARNING * * *
Casting: Corona (safe; 3% risk of failure)
Confirm with . or Enter, or press ? or * to list all spells.
Aiming: Corona (safe; 3% risk of failure)
Press: ? - help, Shift-Dir - straight line, f - jackal
Aim: a jackal (chance to defeat MR: 69%)
The jackal is outlined in light.
The jackal misses you. x2
You closely miss the jackal. The jackal completely misses you.
You scratch the jackal.
The jackal is moderately wounded.
The jackal misses you.
You barely miss the jackal. Your bite misses the jackal.
The jackal is moderately wounded.
The jackal barely misses you. The jackal bites you.
You die...

## .. ... . #.# .
..#.# #.# . ....#
#.# . #.#.### #.#
#..... #.# #...#
#.# #...# #@#
#####...# #h#
sr.....†# #g#
######..########s#
.........†r.sg.r.#
.####.#?##########
... #...#
##.###### # .#


You could see a jackal (corona), a giant cockroach, a hobgoblin and a rat.

Vanquished Creatures
  2 bats (D:1)
  A frilled lizard (D:1)
  A goblin (D:1)
  A kobold (D:1)
  3 rats (D:1)
8 creatures vanquished.

Notes
Turn   | Place    | Note
-------+----------+-------------------------------------------
     0 | D:1      | DeadF the Felid Enchanter began the quest for the Orb.
     0 | D:1      | Reached XP level 1. HP: 7/7 MP: 4/4
   163 | D:2      | Noticed Robin
   487 | D:1      | Slain by a jackal

Illustrated notes

Levels and vault maps discovered:
D:1:      lightli_molten_gateway, layout_basic, hangedman_abyss_or_decor_stabs
D:2:      layout_rooms, xom_redecorated, uniq_terence, uniq_robin

Skill      XL: |  1 |
---------------+----+-----
Dodging        | 3 |  3.1
Stealth        | |  4.4
Unarmed Combat | |  1.0
Spellcasting   | |  2.0
Hexes          | |  4.4

Action                   || total
-------------------------++-------
Melee: Unarmed           ||    27
       Bite              ||     1
 Cast: Corona            ||     2
 Stab: Sleeping          ||     2
  Eat: Chunk             ||     2
Armor: Skin              ||     1
Dodge: Dodged            ||    37
